Map: 테라폼 - 래더 (공허)

Players

True - Winner!

  • Race: Zerg Zerg
  • League: Grandmaster

MajiNCuE

  • Race: Protoss Protoss
  • League: Silver

Event: Lycan League Weekly August #2

VOD

Have the link to the VOD?

Description

Time

  • Played on: Aug. 10, 2015, 12:34 p.m.
  • Length: 6:19

All games in this series

Show
View Real Time Build Order
Export as new Build Order

True Zerg - Winner!

Build Orders: 3 Hatch before Pool 

Get SALT Encoding   

  12  0:00  Drone  
  13  0:13  Overlord  
  13  0:18  Drone  
  14  0:31  Drone x2  
  17  0:35  Drone  
  17  0:53  Hatchery  
  16  0:58  Drone x2  
  18  1:10  Drone  
  19  1:18  Drone  
  20  1:28  Hatchery  
  20  1:29  Drone  
  20  1:43  Spawning Pool  
  20  1:46  Drone  
  20  1:49  Extractor  
  20  1:50  Drone  
  20  2:01  Overlord  
  20  2:06  Drone  
  21  2:15  Drone  
  22  2:16  Drone  
  22  2:22  Drone  
  23  2:31  Queen, Zergling x2  
  23  2:32  Queen  
  23  2:36  Drone  
  29  2:44  Zergling x2  
  29  2:46  Drone  
  29  2:48  Queen  
  33  2:53  Metabolic Boost  
  33  2:57  Drone  
  34  3:04  Overlord  
  34  3:05  Drone  
  35  3:11  Queen  
  37  3:16  Drone x3  
  37  3:18  Zergling x2  
  41  3:20  Zergling x2  
  41  3:22  Zergling x2  
  41  3:23  Zergling x2  
  41  3:25  Zergling x2  
  45  3:36  Overlord  
  45  3:37  Drone  
  45  3:38  Drone  
  47  3:48  Overlord  
  47  3:50  Drone  
  47  3:51  Drone x2  
  47  3:53  Overlord  
  47  3:55  Drone x2  
  52  3:56  Drone  
  52  3:57  Drone  
  54  4:11  Queen x2  
  54  4:12  Drone  
  54  4:13  Drone x3  
  54  4:15  Zergling x6  
  65  4:21  Zergling x10  
  65  4:22  Zergling x2  
  65  4:23  Zergling x2  
  71  4:25  Zergling x2  
  71  4:26  Zergling x2  
  71  4:29  Overlord  
  73  4:36  Overlord  
  73  4:39  Overlord  
  73  4:43  Overlord  
  73  4:44  Zergling x2  
  74  4:48  Zergling x4  
  74  4:49  Zergling x6  
  74  4:50  Zergling x4  
  81  4:54  Zergling x10  
  81  4:55  Zergling x2  
  81  4:57  Zergling x2  
  81  4:58  Zergling x2  
  81  4:59  Zergling x2  
  90  5:00  Zergling x2  
  90  5:06  Zergling x2  
  92  5:07  Zergling x2  
  92  5:09  Zergling x2  
  91  5:16  Zergling x2  
  91  5:17  Zergling x2  
  91  5:20  Zergling x2  
  91  5:26  Zergling x4  
  91  5:27  Zergling x2  
  91  5:28  Zergling x14  
  96  5:29  Zergling x2  
  96  5:30  Zergling x2  
  96  5:32  Spore Crawler  
  96  5:34  Spore Crawler x2, Zergling x2  
  96  5:35  Zergling x2  
  94  5:40  Zergling x2  
  94  5:42  Zergling x4  
  91  5:50  Zergling x2  
  91  5:51  Zergling x2  
  91  5:53  Zergling x2  
  92  5:58  Zergling x8  
  92  5:59  Zergling x16  
Show
View Real Time Build Order
Export as new Build Order

MajiNCuE Protoss 

Build Orders: Dark Templar Rush 

Get SALT Encoding   

  12  0:01  Probe  
  13  0:14  Pylon  
  13  0:18  Probe  
  14  0:32  Probe  
  15  0:37  Gateway  
  15  0:44  Probe  
  16  0:52  Assimilator  
  16  0:57  Probe  
  17  1:09  Probe  
  18  1:21  Probe (Chrono Boost)  
  18  1:22  Pylon  
  19  1:29  Cybernetics Core  
  20  1:33  Probe (Chrono Boost)  
  20  1:36  Zealot  
  22  1:41  Probe (Chrono Boost)  
  23  1:51  Probe  
  24  2:03  Probe  
  26  2:15  Probe  
  26  2:18  Assimilator  
  26  2:25  Warp Gate  
  26  2:26  Nexus  
  26  2:27  Probe  
  26  2:29  Sentry  
  29  2:40  Probe (Chrono Boost)  
  30  2:55  Gateway  
  30  2:56  Gateway  
  30  3:03  Pylon  
  30  3:18  Twilight Council  
  30  3:22  Sentry, Probe  
  34  3:35  Probe (Chrono Boost)  
  34  3:41  Probe (Chrono Boost)  
  34  3:48  Adept x2  
  40  3:50  Adept  
  40  3:51  Probe (Chrono Boost)  
  42  3:58  Probe (Chrono Boost)  
  42  3:59  Dark Shrine  
  43  4:07  Probe (Chrono Boost)  
  45  4:10  Probe (Chrono Boost)  
  46  4:17  Probe (Chrono Boost)  
  46  4:18  Probe (Chrono Boost)  
  46  4:24  Probe  
  48  4:27  Probe  
  49  4:36  Probe  
  50  4:39  Probe  
  51  4:48  Pylon  
  49  5:07  Pylon  
  49  5:11  Pylon  
  47  5:14  Dark Templar  
  47  5:15  Dark Templar  
  47  5:16  Dark Templar  
  49  5:30  Gateway x2  
  49  5:33  Gateway  
  45  5:48  Sentry x2  

Tags
 
Add a new tag
Caveats
  • Supply blocks, unpowered buildings, or Contaminate may cause inaccurate times.
  • Supply counts are checked every 10 seconds.